 Dungeon Crawl Stone Soup version 0.29.1-1-gd02db6906a (webtiles) character file.

Game seed: 15975650583921411442

2482 quakins the Destroyer (level 9, -1/62 HPs)
             Began as a Black Draconian Conjurer on Oct 12, 2022.
             Slain by a gnoll
             ... wielding a +0 spear
             ... led by a gnoll bouda
              (3 damage)
             ... on level 8 of the Dungeon on Oct 13, 2022.
             The game lasted 00:20:42 (8414 turns).

quakins the Destroyer (Black Draconian Conjurer)    Turns: 8414, Time: 00:20:43

Health: -1/62      AC: 17    Str:  9    XL:     9   Next: 27%
Magic:  11/17      EV: 12    Int: 22    God:
Gold:   497        SH:  0    Dex: 11    Spells: 3/18 levels left

rFire   . . .      SeeInvis .   e - +0 whip
rCold   . . .      Faith    .   (no shield)
rNeg    . . .      Spirit   .   (body armour unavailable)
rPois   .          Reflect  .   r - +2 hat
rElec   +          Harm     .   (no cloak)
rCorr   .          Rampage  .   q - +2 pair of gloves
Will    .....                   c - +0 pair of boots
Stlth   +.........              x - amulet of magic regeneration
HPRegen 0.20/turn               (no ring)
MPRegen 0.55/turn               D - +4 ring of protection

@: silenced
A: breathe lightning, AC +7, unfitting armour, electricity resistance,
cold-blooded
a: Breathe Lightning


You were on level 8 of the Dungeon.
You visited 2 branches of the dungeon, and saw 9 of its levels.

You collected 497 gold pieces.

Inventory:

Hand Weapons
 e - a +0 whip (weapon)
Missiles
 h - 6 atropa-tipped darts
 v - 2 throwing nets
Armour
 c - a +0 pair of boots (worn)
 q - a +2 pair of gloves (worn)
 r - a +2 hat (worn)
Magical Staves
 d - a staff of air
Jewellery
 i - the ring "Vien Aciel" {Dex+3 SInv}
   (You found it on level 2 of the Dungeon)

   [ring of see invisible]

   Dex:       It affects your dexterity (+3).
   SInv:      It lets you see invisible.
 k - a ring of ice
 m - a ring of protection from fire
 n - a ring of fire
 x - an amulet of magic regeneration (around neck)
 D - a +4 ring of protection (right hand)
 H - a +6 ring of intelligence
Wands
 C - a wand of flame (16)
 I - a wand of iceblast (4)
Scrolls
 f - a scroll of enchant weapon
 g - 4 scrolls of identify
 l - 5 scrolls of noise
 o - 2 scrolls of silence
 y - 2 scrolls of immolation {unknown}
 z - a scroll of vulnerability {unknown}
 E - 2 scrolls of poison {unknown}
 F - 2 scrolls of amnesia {unknown}
 G - 2 scrolls of blinking {unknown}
Potions
 a - 2 potions of magic
 b - 6 potions of heal wounds
 j - 2 potions of attraction
 p - 2 potions of brilliance
 s - a potion of curing
 t - 2 potions of lignification {unknown}
 u - 2 potions of might {unknown}
 w - a potion of mutation {unknown}
 A - a potion of degeneration {unknown}
 B - a potion of flight {unknown}
 J - a potion of cancellation {unknown}


   Skills:
 - Level 1.7 Dodging
 - Level 1.7 Stealth
 * Level 5.3 Spellcasting
 - Level 9.0 Conjurations
 - Level 8.0 Translocations


You had 3 spell levels left.
You knew the following spells:

 Your Spells              Type           Power      Damage    Failure   Level
a - Magic Dart            Conj           100%       1d8       1%          1
b - Searing Ray           Conj           90%        2d7       1%          2
c - Blink                 Tloc           82%        N/A       1%          2
d - Stone Arrow           Conj/Erth      50%        3d10      4%          3
e - Iskenderun's Mystic   Conj/Tloc      43%        2d10      3%          4
f - Dazzling Flash        Conj/Hex       50%        N/A       4%          3

Your spell library contained the following spells:

 Spells                   Type           Power      Damage    Failure   Level
 Lesser Beckoning         Tloc           41%        N/A       1%          3
 Sandblast                Erth           10%        2d5       10%         1
 Ensorcelled Hibernation  Hex/Ice        10%        N/A       14%         2
 Passwall                 Tmut/Erth      4%         N/A       14%         2
 Frozen Ramparts          Ice            10%        1d2       28%         3
 Swiftness                Air            5%         N/A       28%         3
 Manifold Assault         Tloc           41%        N/A       10%         5
 Fulminant Prism          Conj/Hex       12%        3d9       16%         4
 Ice Form                 Ice/Tmut       5%         N/A       67%         4
 Summon Ice Beast         Ice/Summ       5%         N/A       67%         4


Dungeon Overview and Level Annotations

Branches:
Dungeon (8/15)             Temple (1/1) D:5
   Lair: D:8-11

Altars:
Ashenzari
Cheibriados
Dithmenos
Elyvilon
Fedhas
Gozag
Hepliaklqana
Kikubaaqudgha
Makhleb
Nemelex Xobeh
Qazlal
Ru
Sif Muna
Uskayaw
Wu Jian
Xom
Yredelemnul
Zin
The Shining One

Shops:
D:7 (

Annotations:
D:8 Prince Ribbit


Innate Abilities, Weirdness & Mutations

You can breathe wild blasts of lightning.
Your glossy black scales are hard. (AC +7)
You cannot fit into any form of body armour.
You are resistant to electric shocks. (rElec)
You are cold-blooded and may be slowed by cold attacks.


Message History

Press: ? - help, Shift-Dir - straight line, f - acid dragon, p - Prince Ribbit
Aim: an acid dragon (almost dead, 82% to hit)
The searing ray hits the acid dragon!
You kill the acid dragon! (Press . to maintain the ray.)
Your attacks no longer feel as feeble.
The centaur wields a +0 shortbow.
The centaur shoots an arrow.
The arrow hits you. The gnoll closely misses you. The gnoll misses you.
Casting: Searing Ray (safe; 1% risk of failure)
Confirm with . or Enter, or press ? or * to list all spells.
You blink.
The gnoll throws a throwing net.
The throwing net hits you.
You become entangled in the net!
You remove the ring "Vien Aciel" {Dex+3 SInv}.
The centaur shoots an arrow.
The arrow hits you.
As you read the scroll labelled MECU CUUTUUC, it crumbles to dust.
A profound silence engulfs you.
It was a scroll of silence.
You feel stable enough to blink again.
The centaur shoots an arrow.
The arrow hits you!
You struggle against the net.
The centaur shoots an arrow.
The arrow barely misses you. The gnoll hits you but does no damage.
The centaur shoots an arrow.
The arrow hits you!
* * * LOW HITPOINT WARNING * * *
You struggle against the net.
The gnoll hits you but does no damage.
The centaur shoots an arrow.
The arrow hits you but does no damage.
You tear a large gash into the net.
The gnoll hits you but does no damage. x2
The centaur shoots an arrow.
The arrow hits you.
* * * LOW HITPOINT WARNING * * *
You struggle against the net.
Prince Ribbit blinks!
The gnoll hits you from afar with a +0 spear.
* * * LOW HITPOINT WARNING * * *
The centaur shoots an arrow.
The arrow hits you but does no damage. The gnoll hits you but does no damage.
You rip the net and break free!
The gnoll hits you from afar with a +0 spear!
* * * LOW HITPOINT WARNING * * *
Prince Ribbit blinks!
The gnoll closely misses you.
The centaur shoots an arrow.
The arrow closely misses you.
You cannot cast spells when silenced!
The gnoll hits you from afar with a +0 spear.
You die...

##. ...........## ###..
#c.........## ....
#............ . ...
##............ .. ##..
##.)..........#
#..#...###c..)........##
#.....g..............#
#.......g...........##
##....@####.ยง...##..##
#.....# ###...###..##
......... ##..# ##..#
....##.... #..# #..#
.... ##.... #..#####..
... #..... #..##....# ##
##..#.. ###..##.##
#.#.## #..##.# #######


You could see a centaur and 2 gnolls.

Vanquished Creatures
  A steam dragon (D:6)
  An acid dragon (D:8)
  A water moccasin (D:6)
  An ice beast (D:7)
  A black bear (D:6)
  A sky beast (D:7)
  2 ogres
  3 centaurs (D:6)
  A bullfrog (D:7)
  2 scorpions
  3 necrophages
  2 howler monkeys
  8 hounds
  4 gnoll boudas
  6 jellies
  An orc priest (D:3)
  2 iguanas
  5 orc wizards
  7 adders
  13 gnolls
  2 white imps (D:6)
  2 worms (D:2)
  2 dart slugs
  18 orcs
  5 ball pythons
  A bat (D:3)
  6 endoplasms
  A giant cockroach (D:1)
  3 goblins
  3 hobgoblins
  4 jackals (D:5)
  4 kobolds
  3 quokkas
  8 frilled lizards
  5 rats
132 creatures vanquished.

Notes
Turn   | Place    | Note
-------+----------+-------------------------------------------
     0 | D:1      | quakins the Draconian Conjurer began the quest for the Orb.
     0 | D:1      | Reached XP level 1. HP: 14/14 MP: 3/3
   712 | D:1      | Reached XP level 2. HP: 20/20 MP: 3/5
  1822 | D:2      | Learned a level 2 spell: Searing Ray
  2014 | D:2      | Reached XP level 3. HP: 26/26 MP: 1/7
  2260 | D:2      | Identified the ring "Vien Aciel" {Dex+3 SInv}
  2349 | D:2      | Found a faded altar of an unknown god.
  2524 | D:3      | You fall into a shaft and drop 1 floor!
  2808 | D:3      | Reached XP level 4. HP: 33/33 MP: 6/10
  3429 | D:3      | Learned a level 2 spell: Blink
  3485 | D:4      | Noticed an ogre
  3607 | D:4      | Noticed an ogre
  3903 | D:5      | Entered Level 5 of the Dungeon
  3903 | D:5      | Found a staircase to the Ecumenical Temple.
  3911 | Temple   | Entered the Ecumenical Temple
  4152 | D:5      | Reached skill level 5 in Spellcasting
  4152 | D:5      | Reached XP level 5. HP: 38/38 MP: 6/12
  4328 | D:5      | Reached skill level 5 in Conjurations
  4379 | D:5      | Reached XP level 6. HP: 45/45 MP: 9/13
  4537 | D:5      | Reached skill level 6 in Conjurations
  4866 | D:5      | Learned a level 3 spell: Stone Arrow
  5768 | D:4      | Your scales start taking on a glossy black colour.
  5768 | D:4      | Reached XP level 7. HP: 50/50 MP: 8/14
  5768 | D:4      | Gained mutation: You are resistant to electric shocks.
                  | (rElec) [Black Draconian growth]
  5786 | D:4      | Reached skill level 7 in Conjurations
  6481 | D:4      | Found a shadowy altar of Dithmenos.
  6482 | D:4      | Found a snail-covered altar of Cheibriados.
  6545 | D:4      | Found a hazy altar of Hepliaklqana.
  6548 | D:4      | Found a stormy altar of Qazlal.
  6750 | D:6      | Reached skill level 8 in Conjurations
  6875 | D:6      | Noticed a steam dragon
  6883 | D:6      | Killed a steam dragon
  6884 | D:6      | Reached skill level 9 in Conjurations
  6884 | D:6      | Reached XP level 8. HP: 48/57 MP: 9/15
  6964 | D:6      | Reached skill level 1 in Translocations
  7188 | D:6      | Reached skill level 5 in Translocations
  7907 | D:7      | Found Zioqeph's Weapon Shoppe.
  7931 | D:7      | Reached XP level 9. HP: 58/62 MP: 8/16
  8047 | D:7      | Learned a level 4 spell: Iskenderun's Mystic Blast
  8051 | D:7      | Learned a level 3 spell: Dazzling Flash
  8400 | D:8      | Noticed Prince Ribbit
  8413 | D:8      | HP: 2/62 [gnoll/+0 spear[a gnoll bouda] (8)]
  8414 | D:8      | Slain by a gnoll

Illustrated notes

Levels and vault maps discovered:
D:1:      dpeg_arrival_simpleton_a, layout_basic, minmay_misc_feat_room
D:2:      layout_loops_ring, hellmonk_ecumenical_altar_zigzags,
          nicolae_underground_beach
D:3:      layout_rooms, serial_park_tiny_pond, minmay_misc_feat_ornament
D:4:      layout_basic, nicolae_overflow_hidden_temple, nicolae_eternal_life
D:5:      layout_rooms, minmay_temple_entry_mist, lemuel_flamethrower_1
D:6:      minmay_inner_zag, layout_gridville, kennysheep_small_circle
D:7:      layout_rooms, serial_glass, glass_columns_b, glass_columns_a,
          serial_shops, nicolae_stop_n_shop_1
D:8:      layout_layer_cave, vehumet_altar_wand_db, serial_bayou_pond_c,
          dreamdust_wishing_well, uniq_pikel, uniq_psyche, uniq_prince_ribbit1,
          uniq_joseph
Temple:   nicolae_temple_bog_church

Skill      XL: |  1  2  3  4  5  6  7  8  9 |
---------------+----------------------------+-----
Spellcasting   | 3 4 5 |  5.3
Conjurations   | 5 6 9 |  9.0
Translocations | 7 8 |  8.0
Dodging        | |  1.7
Stealth        | |  1.7

Action                   |  1- 3 |  4- 6 |  7- 9 || total
-------------------------+-------+-------+-------++-------
Melee: Unarmed           |     1 |       |       ||     1
       Whip              |     6 |    10 |    14 ||    30
       Tailslap          |     2 |     3 |     2 ||     7
 Cast: Magic Dart        |    73 |    75 |   109 ||   257
       Searing Ray       |     2 |     7 |    41 ||    50
       Blink             |       |       |     1 ||     1
  Use: Scroll            |       |     5 |     1 ||     6
Armor: Skin              |    10 |    15 |    55 ||    80
Dodge: Dodged            |    14 |    28 |    64 ||   106
